 Dungeon Crawl Stone Soup version 0.32-a0-18-g89e19f1 (webtiles) character file.

Game seed: 2919792815004220121

91 Dorkslayer the Ruffian (level 4, -1/29 HPs)
             Began as an Octopode Shapeshifter on Jan 16, 2024.
             Slain by a gnoll
             ... wielding a +0 whip of pain
              (9 damage)
             ... on level 3 of the Dungeon.
             The game lasted 00:03:23 (1171 turns).

Dorkslayer the Ruffian (Octopode Shapeshifter)      Turns: 1171, Time: 00:03:24

Health: -1/29      AC:  1    Str: 15    XL:     4   Next: 57%
Magic:  4/4        EV: 13    Int: 12    God:
Gold:   124        SH:  0    Dex: 11    Spells: 3/3 levels left

rFire   + .          .
                       - Unarmed
rCold   x . .        (no shield)
rNeg    . . .        (helmet currently unavailable)
rPois   .            (no amulet)
rElec   .            p - ring of fire
rCorr   .            (no ring)
SInv    .            (no ring)
Will    .....        (no ring)
Stlth   +++          (no ring)
HPRegen 0.24/turn    (no ring)
MPRegen 0.09/turn    (no ring)
                     (no ring)

%: no passive effects
@: beast-form
A: beast (slay +1), almost no armour, amphibious, 8 rings, camouflage 1,
gelatinous body 1, (nimble swimmer 1), tentacles
a: Begin Untransformation


You were on level 3 of the Dungeon.
You were a hulking beast.
You visited 1 branch of the dungeon, and saw 3 of its levels.

You collected 124 gold pieces.

Inventory:

Jewellery
 p - a ring of fire (left tentacle)
Talismans
 b - a beast talisman
 c - a flux talisman
Scrolls
 f - a scroll of vulnerability {unknown}
 g - a scroll of identify {unknown}
 h - a scroll of enchant armour {unknown}
 k - a scroll of poison {unknown}
 l - a scroll of teleportation {unknown}
 m - a scroll of fog {unknown}
 o - 2 scrolls of blinking
Potions
 a - a potion of lignification
 d - a potion of ambrosia {unknown}
 e - a potion of heal wounds {unknown}
 i - 2 potions of haste
 j - a potion of resistance {unknown}


   Skills:
 * Level 1.7 Fighting
 * Level 0.4 Throwing
 * Level 2.5 Dodging
 + Level 1.7 Stealth
 * Level 4.3 Unarmed Combat
 - Level 3.0 Shapeshifting


You had 3 spell levels left.
You didn't know any spells.
Your spell library contained the following spells:

 Spells                   Type           Power      Damage    Failure   Level
 Sublimation of Blood     Necr           0%         N/A       45%         2
 Hailstorm                Conj/Ice       0%         3d5       69%         3
 Chain Lightning          Conj/Air       0%         N/A       100%        9


Dungeon Overview and Level Annotations

Branches:
Dungeon (3/15)

Altars:

Annotations:
D:2 Natasha, Sigmund


Innate Abilities, Weirdness & Mutations

You are a hulking beast.
Your limbs bulge with bestial killing power. (Slay +1)
You cannot wear most types of armour.
You are amphibious.
You can wear up to eight rings at the same time.
Your skin changes colour to match your surroundings (Stealth+).
Your rubbery body absorbs attacks. (AC +1, EV +1)
((You are camouflaged when in or above water. (Stealth+)))
You have tentacles for arms and can constrict up to eight enemies at once.


Message History

p - a ring of fire (left tentacle)
An endoplasm comes into view.
The helpless endoplasm fails to defend itself.
You bludgeon the endoplasm!
You kill the endoplasm! 2 bats come into view.
The bat moves out of view.
A gnoll comes into view. It is wielding a +0 whip of pain.
Found a scroll labelled JUCKAA TO KARE.
You see here 7 gold pieces.
You now have 124 gold pieces (gained 7).
The bat closely misses you. The bat misses you.
A gnoll comes into view. It is wielding a +0 flail.
The gnoll shouts!
You hear a shout!
The gnoll shouts!
A gnoll comes into view. It is wielding a +0 spear. x2
The bat hits you.
You barely miss the bat.
The gnoll shouts!
Your grab misses the bat. The bat closely misses you.
The bat barely misses you.
Throw: throwing net
Press: ? - help, Q - select action Shift-Dir - straight line, f - gnoll
Aim: a gnoll, wielding a +0 whip of pain (56% to hit)
You throw a throwing net.
The throwing net closely misses the gnoll.
The bat misses you. The bat hits you.
You tentacle-slap the gnoll. Your grab misses the gnoll. You squeeze the gnoll.
The gnoll is severely wounded.
The bat hits you. The bat barely misses you.
The bat hits you but does no damage. The gnoll hits you with a +0 spear.
The gnoll misses you. The gnoll hits you with a +0 spear.
You closely miss the gnoll. You grab the gnoll. Your squeeze misses the gnoll.
The gnoll is severely wounded.
You constrict the gnoll. The bat misses you. The bat hits you.
The bat misses you. The gnoll closely misses you.
The gnoll hits you with a +0 flail. The gnoll hits you with a +0 spear.
* * * LOW HITPOINT WARNING * * *
The gnoll hits you with a +0 whip of pain!
You die...

......... ..
?.........##. . #..
#......#.... ..
#.###..#..#....# ...
...#.##..#..#.#. .#..##
#.#.#..........
......##b............#
......g.g..............
#gh................
......gb................
...........#..........#.
...........<...........
..........##.........##
.......##..###.........
......# #..........###
.....# ...##..##...##
##....#..####


You could see 4 gnolls and 2 bats.

Vanquished Creatures
  Jessica (D:2)
  An adder (D:3)
  2 ribbon worms (D:2)
  3 dart slugs (D:1)
  5 bats
  5 endoplasms
  3 giant cockroaches (D:1)
  3 goblins
  5 hobgoblins
  4 quokkas
  3 ball pythons (D:2)
  2 frilled lizards (D:1)
  2 kobolds (D:1)
  4 rats
43 creatures vanquished.

Notes
Turn   | Place    | Note
-------+----------+-------------------------------------------
     0 | D:1      | Dorkslayer the Octopode Shapeshifter began the quest for
                  | the Orb.
     0 | D:1      | Reached XP level 1. HP: 13/13 MP: 1/1
   124 | D:1      | Reached XP level 2. HP: 18/18 MP: 2/2
   379 | D:1      | Reached XP level 3. HP: 17/23 MP: 3/3
   526 | D:1      | Got the Papyrus of Hurting and Abhorrent Deeds
   658 | D:2      | Found a faded altar of an unknown god.
   839 | D:2      | Noticed Jessica
   847 | D:2      | Killed Jessica
   848 | D:2      | Reached skill level 1 in Stealth
   848 | D:2      | Reached skill level 4 in Unarmed Combat
   848 | D:2      | Reached XP level 4. HP: 23/28 MP: 4/4
   915 | D:2      | Identified the +9 whip of the Vaults {spect, rF- rCorr
                  | Int+2}
  1075 | D:2      | Noticed Natasha
  1076 | D:2      | Noticed Sigmund
  1171 | D:3      | Slain by a gnoll

Illustrated notes

Levels and vault maps discovered:
D:1:      amcnicky_arrival_choice, layout_basic
D:2:      layout_loops_cross, basic_ecumenical_altar, minmay_tree_intersection,
          uniq_jessica, uniq_sigmund, uniq_natasha
D:3:      layout_rooms, serial_undead, serial_undead_e, serial_undead_e,
          serial_undead_e, serial_undead_a

Skill      XL: |  1  2  3 |
---------------+----------+-----
Stealth        | 1 |  1.7
Unarmed Combat | 4 |  4.3
Fighting       | |  1.7
Throwing       | |  0.4
Dodging        | |  2.5
Shapeshifting  | |  3.0

Action                     |  1- 3 |  4- 6 || total
---------------------------+-------+-------++-------
  Melee: Unarmed           |    59 |    29 ||    88
         Constrict         |    18 |    12 ||    30
         Tentacles         |    12 |     5 ||    17
         Punch             |     3 |     1 ||     4
  Throw: Throwing net      |       |     1 ||     1
    Use: Scroll            |       |     1 ||     1
         Potion            |       |     1 ||     1
   Stab: Sleeping          |     7 |     2 ||     9
 Armour: Skin              |    20 |    24 ||    44
  Dodge: Dodged            |    35 |    25 ||    60

Table legend: (Time is in decaauts)
 A = Elapsed time spent in this place.
 B = Non-inter-level travel time spent in this place.
 C = Inter-level travel time spent in this place.
 D = Time resting spent in this place.
 E = Time spent auto-exploring this place.
 F = Levels seen in this place.
 G = Mean time per level.
                   A        B        C        D        E       F      G
               +--------+--------+--------+--------+--------+-----+--------+
         Total |   1153 |   1153 |      0 |      0 |    685 |   3 |  384.3 |
       Dungeon |   1153 |   1153 |      0 |      0 |    685 |   3 |  384.3 |
               +--------+--------+--------+--------+--------+-----+--------+

Top non-repeatable levels by time:
     D:1: 655 daAuts
     D:2: 451 daAuts
     D:3: 46 daAuts
